TOP OF THE 1ST |
Orlando Calrissian batting - Pitching for Kansas City Kings : LHP Francisco Morales
|
Pitching: LHP Francisco Morales
|
|
Batting: RHB Kenny Cole
|
0-0: Called Strike 0-1: Ground out 3-1 (Groundball, 34)
|
Batting: RHB Frederico Hernández
|
0-0: Called Strike 0-1: Ball 1-1: Foul Ball, location: 2F 1-2: Strikes out looking
|
Batting: RHB Rich Anderson
|
0-0: Called Strike 0-1: Ball 1-1: Ball 2-1: Swinging Strike 2-2: Strikes out swinging
|
Top of the 1st over - 0 run(s), 0 hit(s), 0 error(s), 0 left on base; Orlando 0 - Kansas City 0 |
TOP OF THE 2ND |
Orlando Calrissian batting - Pitching for Kansas City Kings : LHP Francisco Morales
|
Batting: RHB Raúl Canó
|
0-0: Fly out, F6 (Popup, 15)
|
Batting: RHB Robby Lewis
|
0-0: Swinging Strike 0-1: Ball 1-1: Swinging Strike 1-2: Strikes out looking
|
Batting: LHB Juan Colón
|
0-0: Called Strike 0-1: Foul Ball, location: 2F 0-2: Ball 1-2: Strikes out swinging
|
Top of the 2nd over - 0 run(s), 0 hit(s), 0 error(s), 0 left on base; Orlando 0 - Kansas City 1 |
BOTTOM OF THE 2ND |
Kansas City Kings batting - Pitching for Orlando Calrissian : RHP Reagan Wear
|
Batting: LHB Ray Spencer
|
0-0: Called Strike 0-1: SINGLE (Groundball, 34D)
|
Batting: LHB Brian Boone
|
0-0: SINGLE (Groundball, 6MD) Ray Spencer to second
|
Batting: LHB Vic Robertson
|
0-0: Called Strike 0-1: Swinging Strike 0-2: Foul Ball, location: 2F 0-2: Ball 1-2: Strikes out swinging
|
Batting: RHB Matt Richards
|
0-0: Called Strike 0-1: Ball 1-1: Called Strike 1-2: Ball 2-2: Ball 3-2: Strikes out swinging
|
Batting: RHB Chris Chandler
|
0-0: Foul Ball, location: 2F 0-1: Ball 1-1: Fly out, F9 (Flyball, 9LS)
|
Bottom of the 2nd over - 0 run(s), 2 hit(s), 0 error(s), 2 left on base; Orlando 0 - Kansas City 1 |
TOP OF THE 3RD |
Orlando Calrissian batting - Pitching for Kansas City Kings : LHP Francisco Morales
|
Batting: SHB Tim Abbott
|
0-0: Ball 1-0: Ball 2-0: Ground out 5-3 (Groundball, 56)
|
Batting: LHB Santiago Márquez
|
0-0: Ball 1-0: Called Strike 1-1: Ball 2-1: Ball 3-1: Called Strike 3-2: Ground out 6-3 (Groundball, 6)
|
Batting: RHB Enrique Ramírez
|
0-0: SINGLE (Line Drive, 4MD)
|
Batting: RHB Kenny Cole
|
0-0: Called Strike 0-1: Ball 1-1: Ball 2-1: Ground out 5-3 (Groundball, 5S)
|
Top of the 3rd over - 0 run(s), 1 hit(s), 0 error(s), 1 left on base; Orlando 0 - Kansas City 1 |
BOTTOM OF THE 3RD |
Kansas City Kings batting - Pitching for Orlando Calrissian : RHP Reagan Wear
|
Batting: RHB Toshimichi Kono
|
0-0: Foul Ball, location: 2F 0-1: SINGLE (Groundball, 6)
|
Batting: RHB Dave Parker
|
0-0: 2-RUN HOME RUN (Flyball, 78XD), Distance : 377 ft
|
Batting: LHB Pablo Reyes
|
0-0: Ball 1-0: Foul Ball, location: 2F 1-1: Ground out 5-3 (Groundball, 5S)
|
Batting: SHB Víctor Serrano
|
0-0: Ball 1-0: Fly out, F4 (Line Drive, 4)
|
Batting: LHB Ray Spencer
|
0-0: Called Strike 0-1: Ball 1-1: Ball 2-1: DOUBLE (Line Drive, 9LS)
|
Batting: LHB Brian Boone
|
0-0: Called Strike 0-1: Ball 1-1: Ground out 4-3 (Groundball, 4M)
|
Bottom of the 3rd over - 2 run(s), 3 hit(s), 0 error(s), 1 left on base; Orlando 0 - Kansas City 3 |
TOP OF THE 4TH |
Orlando Calrissian batting - Pitching for Kansas City Kings : LHP Francisco Morales
|
Batting: RHB Frederico Hernández
|
0-0: Called Strike 0-1: Called Strike 0-2: Strikes out swinging
|
Batting: RHB Rich Anderson
|
0-0: Ground out 6-3 (Groundball, 6M)
|
Batting: RHB Raúl Canó
|
0-0: Ball 1-0: Ball 2-0: Ball 3-0: Called Strike 3-1: Base on Balls
|
Batting: RHB Robby Lewis
|
0-0: Foul Ball, location: 2F 0-1: Called Strike 0-2: Ball 1-2: Strikes out looking
|
Top of the 4th over - 0 run(s), 0 hit(s), 0 error(s), 1 left on base; Orlando 0 - Kansas City 3 |
BOTTOM OF THE 4TH |
Kansas City Kings batting - Pitching for Orlando Calrissian : RHP Reagan Wear
|
Batting: LHB Vic Robertson
|
0-0: Ball 1-0: Ball 2-0: Ball 3-0: Called Strike 3-1: Bunt for hit - play at first, batter OUT! 2-3
|
Batting: RHB Matt Richards
|
0-0: Ball 1-0: Ball 2-0: Called Strike 2-1: Called Strike 2-2: Ground out 6-3 (Groundball, 6M)
|
Batting: RHB Chris Chandler
|
0-0: Called Strike 0-1: DOUBLE (Flyball, 7D)
|
Batting: RHB Toshimichi Kono
|
0-0: Ball 1-0: Ball 2-0: Called Strike 2-1: Ground out 6-3 (Groundball, 6)
|
Bottom of the 4th over - 0 run(s), 1 hit(s), 0 error(s), 1 left on base; Orlando 0 - Kansas City 3 |
TOP OF THE 5TH |
Orlando Calrissian batting - Pitching for Kansas City Kings : LHP Francisco Morales
|
Batting: LHB Juan Colón
|
0-0: Ball 1-0: Ball 2-0: Fly out, F8 (Flyball, 8RD)
|
Batting: SHB Tim Abbott
|
0-0: Foul Ball, location: 2F 0-1: Swinging Strike 0-2: Strikes out swinging
|
Batting: LHB Santiago Márquez
|
0-0: Called Strike 0-1: Reached on error, E4 (Groundball, 4)
|
Batting: RHB Enrique Ramírez
|
0-0: Called Strike 0-1: Ball 1-1: Foul Ball, location: 2F 1-2: Strikes out swinging
|
Top of the 5th over - 0 run(s), 0 hit(s), 1 error(s), 1 left on base; Orlando 0 - Kansas City 3 |
BOTTOM OF THE 5TH |
Kansas City Kings batting - Pitching for Orlando Calrissian : RHP Reagan Wear
|
Batting: RHB Dave Parker
|
0-0: Ball 1-0: Called Strike 1-1: Called Strike 1-2: Foul Ball, location: 2F 1-2: Foul Ball, location: 2F 1-2: Strikes out swinging
|
Batting: LHB Pablo Reyes
|
0-0: Ball 1-0: SINGLE (Groundball, 34)
|
Batting: SHB Víctor Serrano
|
0-0: Called Strike 0-1: Ball 1-1: Ball 2-1: Fly out, F5 (Line Drive, 5)
|
Batting: LHB Ray Spencer
|
0-0: Fly out, F5 (Popup, 5SF)
|
Bottom of the 5th over - 0 run(s), 1 hit(s), 0 error(s), 1 left on base; Orlando 0 - Kansas City 3 |
TOP OF THE 6TH |
Orlando Calrissian batting - Pitching for Kansas City Kings : LHP Francisco Morales
|
Batting: RHB Kenny Cole
|
0-0: Called Strike 0-1: Ground out 5-3 (Groundball, 56)
|
Batting: RHB Frederico Hernández
|
0-0: Ball 1-0: Ball 2-0: Ball 3-0: Called Strike 3-1: Foul Ball, location: 2F 3-2: Ground out 4-3 (Groundball, 4)
|
Batting: RHB Rich Anderson
|
0-0: Called Strike 0-1: Fly out, F3 (Popup, 3F)
|
Top of the 6th over - 0 run(s), 0 hit(s), 0 error(s), 0 left on base; Orlando 0 - Kansas City 3 |
BOTTOM OF THE 6TH |
Kansas City Kings batting - Pitching for Orlando Calrissian : RHP Reagan Wear
|
Batting: LHB Brian Boone
|
0-0: Ball 1-0: Called Strike 1-1: Called Strike 1-2: DOUBLE (Flyball, 8LXD)
|
Batting: LHB Vic Robertson
|
0-0: Intentional Walk
|
Batting: RHB Matt Richards
|
0-0: Called Strike 0-1: Ball 1-1: Foul Ball, location: 2F 1-2: Strikes out swinging
|
Batting: RHB Chris Chandler
|
0-0: Called Strike 0-1: Swinging Strike 0-2: Ball 1-2: Ball 2-2: Strikes out swinging
|
Batting: RHB Toshimichi Kono
|
0-0: Called Strike 0-1: Ball 1-1: Ball 2-1: Fly out, F6 (Line Drive, 6)
|
Bottom of the 6th over - 0 run(s), 1 hit(s), 0 error(s), 2 left on base; Orlando 0 - Kansas City 3 |
TOP OF THE 7TH |
Orlando Calrissian batting - Pitching for Kansas City Kings : LHP Francisco Morales
|
Batting: RHB Raúl Canó
|
0-0: Ball 1-0: Called Strike 1-1: Ball 2-1: Foul Ball, location: 2F 2-2: Fly out, F4 (Popup, 4M)
|
Batting: RHB Robby Lewis
|
0-0: Ball 1-0: Ball 2-0: Ground out 4-3 (Groundball, 4MS)
|
Batting: LHB Juan Colón
|
0-0: Ground out 6-3 (Groundball, 6M)
|
Top of the 7th over - 0 run(s), 0 hit(s), 0 error(s), 0 left on base; Orlando 0 - Kansas City 3 |
BOTTOM OF THE 7TH |
Kansas City Kings batting - Pitching for Orlando Calrissian : RHP Reagan Wear
|
Batting: RHB Dave Parker
|
0-0: Foul Ball, location: 2F 0-1: Called Strike 0-2: Foul Ball, location: 2F 0-2: Foul Ball, location: 2F 0-2: Ball 1-2: Strikes out looking
|
Batting: LHB Pablo Reyes
|
0-0: Ball 1-0: Ball 2-0: Called Strike 2-1: Ground out 4-3 (Groundball, 4)
|
Batting: SHB Víctor Serrano
|
0-0: Ball 1-0: Swinging Strike 1-1: Swinging Strike 1-2: Foul Ball, location: 2F 1-2: Foul Ball, location: 2F 1-2: Strikes out swinging
|
Bottom of the 7th over - 0 run(s), 0 hit(s), 0 error(s), 0 left on base; Orlando 0 - Kansas City 3 |
TOP OF THE 8TH |
Orlando Calrissian batting - Pitching for Kansas City Kings : LHP Francisco Morales
|
Batting: SHB Tim Abbott
|
0-0: Ball 1-0: Ball 2-0: Ground out 5-3 (Groundball, 6)
|
Batting: LHB Santiago Márquez
|
0-0: Called Strike 0-1: Called Strike 0-2: Fly out, F7 (Flyball, 7LS)
|
Batting: RHB Enrique Ramírez
|
0-0: Ball 1-0: Reached on Error, E8 (Flyball, 8LM)
|
Batting: RHB Kenny Cole
|
0-0: Foul Ball, location: 2F 0-1: Swinging Strike 0-2: Ground out 4-3 (Groundball, 4)
|
Top of the 8th over - 0 run(s), 0 hit(s), 1 error(s), 1 left on base; Orlando 0 - Kansas City 3 |
BOTTOM OF THE 8TH |
Kansas City Kings batting - Pitching for Orlando Calrissian : RHP Reagan Wear
|
Pitching: RHP Bernardo Hernández
|
|
Batting: LHB Ray Spencer
|
0-0: Fly out, F7 (Flyball, 78S)
|
Batting: LHB Brian Boone
|
0-0: Foul Ball, location: 2F 0-1: Called Strike 0-2: Foul Ball, location: 2F 0-2: Ball 1-2: Foul Ball, location: 2F 1-2: Ball 2-2: Foul Ball, location: 2F 2-2: Fly out, F8 (Flyball, 8RM)
|
Batting: LHB Vic Robertson
|
0-0: Ball 1-0: Fly out, F8 (Flyball, 8RM)
|
Bottom of the 8th over - 0 run(s), 0 hit(s), 0 error(s), 0 left on base; Orlando 0 - Kansas City 3 |
TOP OF THE 9TH |
Orlando Calrissian batting - Pitching for Kansas City Kings : LHP Francisco Morales
|
Batting: RHB Frederico Hernández
|
0-0: Called Strike 0-1: Swinging Strike 0-2: Ball 1-2: Ball 2-2: Ball 3-2: Foul Ball, location: 2F 3-2: Foul Ball, location: 2F 3-2: Foul Ball, location: 2F 3-2: Fly out, F6 (Popup, 5F)
|
Batting: RHB Rich Anderson
|
0-0: Foul Ball, location: 2F 0-1: Ball 1-1: Swinging Strike 1-2: Ball 2-2: Foul Ball, location: 2F 2-2: Ball 3-2: Ground out 5-3 (Groundball, 56)
|
Pitching: RHP Alonso Jiménez
|
|
Batting: RHB Raúl Canó
|
0-0: Foul Ball, location: 2F 0-1: Ball 1-1: Fly out, F8 (Flyball, 8RM)
|
Top of the 9th over - 0 run(s), 0 hit(s), 0 error(s), 0 left on base; Orlando 0 - Kansas City 3 |
|